 Dungeon Crawl Stone Soup version 0.22.1-1-ga44c0e5 (webtiles) character file.

50 Jamjie98 the Skirmisher (level 3, -3/33 HPs)
             Began as a Draconian Abyssal Knight on Oct 1, 2018.
             Was a Follower of Lugonu.
             Slain by a hobgoblin (6 damage)
             ... led by Robin
             ... on level 2 of the Dungeon.
             The game lasted 00:10:07 (1524 turns).

Jamjie98 the Skirmisher (Draconian Abyssal Knight)  Turns: 1524, Time: 00:10:08

Health: -3/33      AC:  6    Str: 14    XL:     3   Next: 55%
Magic:  4/4        EV: 11    Int: 15    God:    Lugonu [*.....]
Gold:   67         SH:  7    Dex: 12    Spells: 2/2 levels left

rFire    . . .     SeeInvis .   p - +0 spear
rCold    . . .     Gourm    .   u - +0 shield
rNeg     . . .     Faith    .   (armour unavailable)
rPois    .         Spirit   .   (helmet restricted)
rElec    .         Reflect  .   (no cloak)
rCorr    .         Harm     .   (no gloves)
MR       .....                  m - +0 pair of boots
Stlth    +.........             w - amulet of regeneration
HPRegen  0.51/turn              i - +1 ring of evasion
MPRegen  0.09/turn              (no ring)

@: no status effects
A: unfitting armour, agile 1, clever 1, screaming 1, cold-blooded, AC +5
a: Depart the Abyss, Renounce Religion


You were on level 2 of the Dungeon.
You worshipped Lugonu.
Lugonu was aware of your devotion.
You were not hungry.

You visited 1 branch of the dungeon, and saw 2 of its levels.
You visited the Abyss 1 time.

You collected 67 gold pieces.

Inventory:

Hand Weapons
 a - a +1 falchion
 c - a +2 vampiric hand axe
 e - a +0 short sword
 g - a cursed +0 club
 k - a cursed -1 dagger
 l - a +0 club
 p - a +0 spear (weapon)
Missiles
 j - 27 stones (quivered)
 n - 18 sling bullets
 v - 18 poisoned needles
Armour
 f - a +0 plate armour
 m - a +0 pair of boots (worn)
 u - a +0 shield (worn)
Jewellery
 i - a +1 ring of evasion (left hand)
 t - a +2 ring of evasion
 w - an amulet of regeneration (around neck)
Scrolls
 s - 2 scrolls of remove curse
 y - a scroll of teleportation {unknown}
Potions
 d - a potion of agility
 o - 2 potions of cancellation {unknown}
 q - 2 potions of might {unknown}
 r - a potion of brilliance {unknown}
 x - a potion of flight {unknown}
Comestibles
 b - 6 rations
 h - 4 chunks of flesh


   Skills:
 + Level 3.9 Fighting
 + Level 2.6 Long Blades
 + Level 0.4 Polearms
 + Level 2.6 Dodging
 + Level 0.4 Stealth
 + Level 2.1 Invocations


You had 2 spell levels left.
You didn't know any spells.
Your spell library was empty.

Dungeon Overview and Level Annotations

Branches:
Dungeon (2/15)

Altars:

Annotations:
D:2 Robin


Innate Abilities, Weirdness & Mutations

Your plain brown scales are hard. (AC +5)
You cannot fit into any form of body armour.
You are cold-blooded and may be slowed by cold attacks.
You are agile. (Dex +2)
Your mind is acute. (Int +2)
You occasionally shout uncontrollably at your foes.


Message History

The goblin misses you. The goblin hits you with a club.
* * * LOW HITPOINT WARNING * * *
The goblin hits you.
* * * LOW HITPOINT WARNING * * *
You hit the goblin.
You kill the goblin!
Lugonu accepts your kill. Robin throws the goblin at you!
* * * LOW HITPOINT WARNING * * *
The goblin completely misses you. The goblin misses you.
You hit the goblin.
You kill the goblin!
Lugonu accepts your kill. You block the goblin's attack.
You hit the hobgoblin.
The hobgoblin is almost dead.
The goblin no longer looks unusually strong.
The hobgoblin barely misses you. The goblin hits you but does no damage.
The hobgoblin hits you.
You die...

#g #...... #.
########.##... #.
#.............
####.###.......####.#
#...g..........# #..
#.##.##....)......#..
#.... #......>.##.# .
#..####g.......# #
#.gg@ggg.......#
##.############# #


You could see Robin, a hobgoblin and 4 goblins.

Vanquished Creatures
  An ooze (D:1)
  A worm (D:2)
  A dart slug (D:1)
  A leopard gecko (D:1)
  A bat (D:1)
  A giant cockroach (D:1)
  7 goblins
  7 hobgoblins
  3 jackals (D:2)
  4 kobolds
  A ball python (D:2)
  2 frilled lizards
  6 rats (D:1)
36 creatures vanquished.

Vanquished Creatures (others)
  4 toadstools (D:1)
4 creatures vanquished.

Grand Total: 40 creatures vanquished

Notes
Turn   | Place    | Note
-------+----------+-------------------------------------------
     0 | Abyss:1  | Jamjie98 the Draconian Abyssal Knight began the quest for
                  | the Orb.
     0 | Abyss:1  | Reached XP level 1. HP: 19/19 MP: 2/2
    18 | Abyss:1  | Gained mutation: You occasionally shout uncontrollably at
                  | your foes. [potion of mutation]
    18 | Abyss:1  | Gained mutation: Your mind is acute. (Int +2) [potion of
                  | mutation]
    18 | Abyss:1  | Gained mutation: You are agile. (Dex +2) [potion of
                  | mutation]
    42 | Abyss:1  | Noticed a lich
    62 | Abyss:1  | Noticed a small abomination
    87 | Abyss:1  | Noticed an orange demon
    88 | Abyss:1  | Noticed a thrashing horror
    96 | D:1      | Escaped the Abyss
   466 | D:1      | Reached XP level 2. HP: 20/27 MP: 3/3
   662 | D:1      | Reached * piety under Lugonu
   840 | D:1      | Reached XP level 3. HP: 33/33 MP: 4/4
  1490 | D:2      | Noticed Robin
  1524 | D:2      | Slain by a hobgoblin

Action                   || total
-------------------------++-------
Melee: Falchion          ||    47
       Tailslap          ||    12
       Spear             ||    78
Invok: Depart the Abyss  ||     1
  Use: Potion            ||     3
       Scroll            ||     2
 Stab: Sleeping          ||     1
  Eat: Chunk             ||     2
Armor: Skin              ||    43
Dodge: Dodged            ||    86
Block: Shield            ||    28
       Rpst.: Falchion   ||     6
